AoeStats
← Willykills97

Arena

509234761Analyzed
1v1 RM · 6d ago on Sep 26, 2026· 37m 44s· 2 players
Game mode
Random Map
Map size
Tiny (2 player)
Population
200
Speed
Normal
Resources
Standard
Victory
Conquest
Starting age
Dark Age
Ending age
Imperial Age
RankedLock teamsTeams togetherTeam positionsShared explorationLock speedFull tech treeHidden civsTurbo modeCheats
Victory
Defeat
🇲🇽 Franks · Mexico
969
+15
🇪🇸 Armenians · Spain
957
-15
TETE SKEDAR
10:14 Feudal Age
14:23 Castle Age
12:19 Double-Bit Axe
21:27 Scale Mail Armor
23:10 Horse Collar
23:55 Bow Saw
24:08 Heavy Plow
25:17 Pikeman
26:14 Stone Mining
27:34 Forging
29:51 Wheelbarrow
29:02 Loom
32:27 Imperial Age
32:41 Imperial Age
30:06 Loom
31:27 Iron Casting
31:07 Fletching
31:33 Chain Mail Armor
31:19 Padded Archer Armor
33:18 Hand Cart
33:17 Bodkin Arrow
33:51 Conscription
34:49 Blast Furnace
35:17 Bracer
34:45 Halberdier
37:50 Plate Mail Armor
Willykills97
10:12 Feudal Age
16:38 Castle Age
14:47 Double-Bit Axe
15:54 Scale Barding Armor
16:13 Gold Mining
17:33 Wheelbarrow
28:18 Imperial Age
27:13 Chain Barding Armor
27:09 Bow Saw
27:42 Husbandry
29:47 Gold Shaft Mining
30:40 Chemistry
30:43 Conscription
31:38 Hand Cart
31:59 Cavalier
Connection lost

Rejoining the realm…

Still unreachable

The connection could not be restored.

Session expired

The server has moved on; the page needs a fresh start.